 Dungeon Crawl Stone Soup version 0.30.1-11-g7821555f0a (webtiles) character file.

Game seed: 5287914189994101657

36 RancidPinata the Sneak (level 3, 0/26 HPs)
             Began as an Octopode Delver on Dec 20, 2023.
             Slain by a scorpion (5 damage)
             ... on level 5 of the Dungeon.
             The game lasted 00:01:05 (161 turns).

RancidPinata the Sneak (Octopode Delver)             Turns: 161, Time: 00:01:05

Health: 0/26       AC:  1    Str: 11    XL:     3   Next: 37%
Magic:  3/3        EV: 13    Int: 12    God:
Gold:   11         SH:  0    Dex: 15    Spells: 2/2 levels left

rFire   . . .        a - +0 short sword
rCold   . . .        (no shield)
rNeg    . . .        (helmet restricted)
rPois   .            (no amulet)
rElec   .            (no ring)
rCorr   .            (no ring)
SInv    .            (no ring)
Will    .....        (no ring)
Stlth   +++++        (no ring)
HPRegen 0.24/turn    (no ring)
MPRegen 0.08/turn    (no ring)
                     (no ring)

%: no passive effects
@: lethally poisoned (0 -> -3)
A: almost no armour, amphibious, 8 rings, camouflage 1, gelatinous body 1,
(nimble swimmer 1), tentacles
a: no special abilities


You were on level 5 of the Dungeon.
You visited 1 branch of the dungeon, and saw 2 of its levels.

You collected 11 gold pieces.

Inventory:

Hand Weapons
 a - a +0 short sword (weapon)
Wands
 f - a wand of digging (3)
Scrolls
 b - a scroll of fog
 c - a scroll of magic mapping
 d - a scroll of fear
 g - a scroll of amnesia {unknown}
 h - a scroll of identify {unknown}
Potions
 e - a potion of haste


   Skills:
 * Level 3.4 Fighting
 + Level 2.3 Short Blades
 * Level 2.5 Dodging
 * Level 7.0 Stealth


You had 2 spell levels left.
You didn't know any spells.
Your spell library was empty.

Dungeon Overview and Level Annotations

Branches:
Dungeon (6/15)
 Temple: D:4-7

Altars:


Innate Abilities, Weirdness & Mutations

You cannot wear most types of armour.
You are amphibious.
You can wear up to eight rings at the same time.
Your skin changes colour to match your surroundings (Stealth+).
Your rubbery body absorbs attacks. (AC +1, EV +1)
((You are camouflaged when in or above water. (Stealth+)))
You have tentacles for arms and can constrict up to eight enemies at once.


Message History

The helpless sleepcap fails to defend itself.
You impale the sleepcap!! You grab the sleepcap.
The sleepcap is almost destroyed.
You constrict the sleepcap, but do no damage.
You hit the sleepcap.
You destroy the sleepcap!
Your Stealth skill increases to level 7!
You have reached level 3!
Your experience leads to an increase in your attributes!
Increase (S)trength, (I)ntelligence, or (D)exterity?
You feel agile. x2
A scorpion comes into view.
Found a stone staircase leading down.
The scorpion attacks as you move away! The scorpion barely misses you.
The scorpion attacks as you move away! The scorpion stings you.
You are poisoned.
The scorpion poisons you!
You hear the hiss of a very distant avalanche of sand.
You feel very sick.
You hit the scorpion. You grab the scorpion.
The scorpion is lightly wounded.
You constrict the scorpion, but do no damage.
You feel sick. The scorpion stings you.
Unknown command.
You hit the scorpion but do no damage.
You constrict the scorpion, but do no damage.
You feel sick. The scorpion misses you.
You hit the scorpion but do no damage. You constrict the scorpion.
You feel sick. The scorpion closely misses you. The scorpion stings you!
* * * LOW HITPOINT WARNING * * *
You hit the scorpion. You squeeze the scorpion!
The scorpion is severely wounded.
You constrict the scorpion, but do no damage.
You feel sick.
Unknown command.
You hit the scorpion but do no damage.
The scorpion is severely wounded.
You constrict the scorpion, but do no damage.
You feel sick. The scorpion stings you.
You die...

..# ..#
##########..###
..............#
###.# #.# ###.s.#
#.# #...### #.#
##.#########.#
#..........s@#
###............#
###..............#
..#.##...........#
..#.############.#
..#.# #.# ....#
#.# ..### #.# ..#
.#


You could see a scorpion.

Vanquished Creatures
  A sleepcap (D:5)
  An adder (D:5)
2 creatures vanquished.

Notes
Turn   | Place    | Note
-------+----------+-------------------------------------------
     0 | D:5      | RancidPinata the Octopode Delver began the quest for the
                  | Orb.
     0 | D:5      | Reached XP level 1. HP: 16/16 MP: 1/1
    13 | D:5      | Reached XP level 2. HP: 11/21 MP: 2/2
    71 | D:5      | Noticed a scorpion
    94 | D:6      | Noticed a scorpion
   135 | D:5      | Reached skill level 7 in Stealth
   135 | D:5      | Reached XP level 3. HP: 26/26 MP: 3/3
   141 | D:5      | Noticed a scorpion
   161 | D:5      | Slain by a scorpion

Illustrated notes

Levels and vault maps discovered:
D:5:      layout_basic, mainiacjoe_overflow_tiny_flanked,
          nicolae_ossuary_entry_giza, hangedman_decor_growths
D:6:      layout_rooms, kennysheep_mini_moat, minmay_temple_entry_junction_2

Skill      XL: |  1  2 |
---------------+-------+-----
Stealth        | 7 |  7.0
Fighting       | |  3.4
Short Blades   | |  2.3
Dodging        | |  2.5

Action                     || total
---------------------------++-------
  Melee: Short sword       ||    12
         Constrict         ||     3
         Tentacles         ||     1
   Stab: Sleeping          ||     1
  Dodge: Dodged            ||     7
